 Dungeon Crawl Stone Soup version 0.28-a0-241-gfbb0926a3a (webtiles) character file.

Game seed: 18162269078138903331

125 PentaManta the Ruffian (level 5, -4/45 HPs)
             Began as a Ghoul Abyssal Knight on Aug 24, 2021.
             Was a Believer of Lugonu.
             Killed by divine providence
             ... invoked by an orc priest
              (10 damage)
             ... on level 4 of the Dungeon.
             The game lasted 00:03:37 (2815 turns).

PentaManta the Ruffian (Ghoul Abyssal Knight)       Turns: 2815, Time: 00:03:37

Health: -4/45      AC:  3    Str: 17    XL:     5   Next: 9%
Magic:  5/5        EV: 11    Int:  7    God:    Lugonu [**....]
Gold:   35         SH:  0    Dex:  8    Spells: 4/4 levels left

rFire   . . .      SeeInvis .     - Unarmed
rCold   + . .      Faith    .   (no shield)
rNeg    + + +      Spirit   .   a - +0 leather armour
rPois   ∞          Reflect  .   (no helmet)
rElec   .          Harm     .   (no cloak)
rCorr   .          Rampage  .   (no gloves)
Will    .....                   (no boots)
Stlth   +.........              (no amulet)
HPRegen 0.00/turn               (no ring)
MPRegen 0.09/turn               (no ring)

@: inhibited regen
A: claws 1, cold resistance 1, negative energy resistance 3, inhibited
regeneration, torment resistance 2
a: Renounce Religion, Depart the Abyss, Bend Space


You were on level 4 of the Dungeon.
You worshipped Lugonu.
Lugonu was pleased with you.
You visited 2 branches of the dungeon, and saw 5 of its levels.
You visited the Abyss 1 time.

You collected 35 gold pieces.

Inventory:

Armour
 a - a +0 leather armour (worn)
 b - a +0 pair of gloves
Scrolls
 d - a scroll of acquirement {unknown}
 e - a scroll of identify {unknown}
 f - a scroll of fog {unknown}
 h - 2 scrolls of teleportation {unknown}
 j - a scroll of amnesia {unknown}
 k - a scroll of noise {unknown}
 m - a scroll of silence {unknown}
Potions
 c - a potion of curing {unknown}
 g - a potion of magic {unknown}
 i - a potion of degeneration {unknown}
 l - a potion of attraction {unknown}
 n - a potion of ambrosia {unknown}


   Skills:
 - Level 3.2 Fighting
 - Level 1.7 Armour
 - Level 0.8 Dodging
 + Level 5.6 Unarmed Combat
 - Level 2.0 Invocations


You had 4 spell levels left.
You didn't know any spells.
Your spell library contained the following spells:

 Spells                   Type           Power      Damage    Failure   Level
 Corpse Rot               Necr/Air       N/A        N/A       63%         2
 Dispel Undead            Necr           0%         3d6       99%         4
 Death Channel            Necr           0%         N/A       100%        6


Dungeon Overview and Level Annotations

Branches:
Dungeon (4/15)             Temple (1/1) D:4

Altars:

Annotations:
D:3 Terence


Innate Abilities, Weirdness & Mutations

You thrive by killing the living.
You are immune to poison.
You have sharp fingernails.
Your flesh is cold resistant. (rC+)
You are immune to negative energy. (rN+++)
You do not regenerate when monsters are visible.
You are immune to unholy pain and torment.


Message History

The orc priest begins to cast a cantrip, but forgets the words!
The orc closely misses you.
You scratch the orc priest but do no damage.
The orc priest hits you but does no damage.
The orc barely misses you.
You scratch the orc priest but do no damage.
The orc priest barely misses you. The orc closely misses you.
You scratch the orc priest.
The orc priest is lightly wounded.
The orc priest misses you. The orc barely misses you.
You scratch the orc priest.
The orc priest is heavily wounded.
The orc priest barely misses you. The orc barely misses you.
You closely miss the orc priest.
The orc priest is heavily wounded.
The orc priest mumbles some strange prayers to Beogh against you.
Beogh smites you! The orc hits you with a +0 trident.
You scratch the orc priest.
The orc priest is severely wounded.
The orc priest closely misses you. The orc barely misses you.
You scratch the orc priest but do no damage.
The orc priest is severely wounded.
The orc priest hits you with a +0 dagger.
You scratch the orc priest but do no damage.
The orc priest is severely wounded.
The orc hits you with a +0 trident.
The orc priest hits you with a +0 dagger.
You barely miss the orc priest.
The orc priest is severely wounded.
The orc hits you with a +0 trident!
You scratch the orc priest but do no damage.
The orc priest is severely wounded.
The orc priest looks braver for a moment.
The orc hits you with a +0 trident!
* * * LOW HITPOINT WARNING * * *
You scratch the orc priest.
The orc priest is almost dead.
The orc priest mumbles some strange prayers to Beogh against you.
Beogh smites you!
You die...

[.........................#
............############.##
............# ## #.#
............# #####.# #.#
.)..........## #.....# #.#
..............##.⌠8..###.#
.........................#
...............>.⌠8..###.#
................@....###.#
..............##oo8......#
..............#.....#.#.##
..............##..#.....#
.........##..###.###
.................#
.............#####
(........J##.....#
......#o..######.#


You could see an orc priest and an orc.

Vanquished Creatures
  A hound (D:4)
  A hound skeleton (D:4)
  An adder (D:2)
  2 dart slugs
  2 orcs (Temple)
  7 endoplasms
  2 giant cockroaches
  7 hobgoblins
  7 jackals
  4 quokkas
  5 ball pythons
  2 bats
  3 frilled lizards
  5 goblins
  7 kobolds
  5 rats
61 creatures vanquished.

Notes
Turn   | Place    | Note
-------+----------+-------------------------------------------
     0 | Abyss:1  | PentaManta the Ghoul Abyssal Knight began the quest for the
                  | Orb.
     0 | Abyss:1  | Reached XP level 1. HP: 19/19 MP: 1/1
     6 | D:1      | Escaped the Abyss
   244 | D:1      | Reached * piety under Lugonu
   247 | D:1      | Reached XP level 2. HP: 24/26 MP: 2/2
   305 | D:1      | Reached skill level 3 in Unarmed Combat
   676 | D:1      | Reached XP level 3. HP: 20/31 MP: 3/3
  1120 | D:2      | Reached skill level 4 in Unarmed Combat
  1683 | D:2      | Reached XP level 4. HP: 38/38 MP: 4/4
  2089 | D:3      | Noticed Terence
  2089 | D:3      | Noticed a black bear
  2119 | D:3      | Reached ** piety under Lugonu
  2168 | D:4      | Reached skill level 5 in Unarmed Combat
  2427 | D:4      | Identified the +6 quarterstaff of Optimality {vorpal, rPois
                  | Int+4}
  2475 | D:4      | Found a staircase to the Ecumenical Temple.
  2531 | Temple   | Entered the Ecumenical Temple
  2792 | D:4      | Reached XP level 5. HP: 39/45 MP: 5/5
  2815 | D:4      | Killed from afar by an orc priest

Illustrated notes

Levels and vault maps discovered:
D:1:      ebering_hopf_link, layout_loops_corners
D:2:      layout_loops_ring, hangedman_abyss_or_decor_lesser_grid,
          hangedman_decor_growths
D:3:      layout_loops_corners, moated_statue, minmay_close_crescents,
          uniq_sigmund, uniq_terence, uniq_jessica, uniq_natasha
D:4:      layout_basic, mainiacjoe_overflow_catwalk,
          minmay_temple_entry_drinking_statues, kennysheep_orc_chapel,
          uniq_crazy_yiuf_cottage, uniq_robin, uniq_pikel
Temple:   nicolae_temple_figure_eight

Skill      XL: |  1  2  3  4 |
---------------+-------------+-----
Unarmed Combat | 3 4 5 |  5.6
Fighting       | |  3.2
Armour         | |  1.7
Dodging        | |  0.8
Invocations    | |  2.0

Action                   |  1- 3 |  4- 6 || total
-------------------------+-------+-------++-------
Melee: Unarmed           |   125 |    70 ||   195
       Punch             |     1 |     1 ||     2
Invok: Depart the Abyss  |     1 |       ||     1
Armor: Leather armour    |    41 |    15 ||    56
Dodge: Dodged            |    60 |    71 ||   131

Table legend: (Time is in decaauts)
 A = Elapsed time spent in this place.
 B = Non-inter-level travel time spent in this place.
 C = Inter-level travel time spent in this place.
 D = Time resting spent in this place.
 E = Time spent auto-exploring this place.
 F = Levels seen in this place.
 G = Mean time per level.
                   A        B        C        D        E       F      G
               +--------+--------+--------+--------+--------+-----+--------+
         Total |   2801 |   2763 |     38 |    618 |   1661 |   6 |  466.8 |
       Dungeon |   2531 |   2493 |     38 |    376 |   1661 |   4 |  632.8 |
        Temple |    263 |    263 |      0 |    242 |      0 |   1 |  263.0 |
         Abyss |      6 |      6 |      0 |      0 |      0 |   1 |    6.0 |
               +--------+--------+--------+--------+--------+-----+--------+

Top non-repeatable levels by time:
     D:1: 1104 daAuts
     D:2: 955 daAuts
     D:4: 411 daAuts
  Temple: 263 daAuts
     D:3: 60 daAuts
 Abyss:1: 6 daAuts
